 Dungeon Crawl Stone Soup version 0.30-a0-1160-g6e42c06551 (webtiles) character file.

Game seed: 13180999974275470329

66663 Sobieck the Wrestler (level 14, -3/143 HPs)
             Began as a Troll Warper on Apr 25, 2023.
             Was a High Priest of Wu Jian.
             Slain by a slime creature (15 damage)
             ... on level 13 of the Dungeon.
             The game lasted 00:50:28 (18628 turns).

Sobieck the Wrestler (Troll Warper)                Turns: 18628, Time: 00:50:28

Health: -3/143     AC: 12    Str: 28    XL:     14   Next: 80%
Magic:  0/14       EV: 22    Int: 11    God:    Wu Jian [*****.]
Gold:   2089       SH:  9    Dex:  9    Spells: 15/15 levels left

rFire   . .          .
                       - Unarmed
rCold   . . .        i - +0 kite shield {AC+3}
rNeg    . . .        a - +0 troll leather armour
rPois   .            b - +1 hat
rElec   .            v - +1 cloak
rCorr   .            (gloves unavailable)
SInv    .            (boots unavailable)
Will    +....        r - amulet of guardian spirit
Stlth   +            h - +6 ring of strength
HPRegen 2.03/turn    l - ring of flight
MPRegen 0.14/turn

%: guardian spirit
@: spiked, in a heavenly storm, flying, glowing
A: large, unfitting armour, claws 3, regeneration 1, shaggy fur 1, tough skin 1,
dopey 1
a: Renounce Religion, Wall Jump, Serpent's Lash, Heavenly Storm


You were on level 13 of the Dungeon.
You worshipped Wu Jian.
Wu Jian was extremely pleased with you.
You visited 3 branches of the dungeon, and saw 20 of its levels.
You also visited: Bailey.

You collected 2314 gold pieces.
You spent 225 gold pieces at shops.


Innate Abilities, Weirdness & Mutations

You are too large for most types of armour.
You have claws for hands.
Your natural rate of healing is unusually fast.
You are covered in fur. (AC +1)
You have tough skin. (AC +1)
You are dopey. (Int -2)


   Skills:
 - Level 10.0 Fighting
 - Level 0.8 Throwing
 - Level 1.9 Dodging
 - Level 6.4 Shields
 + Level 22.2 Unarmed Combat
 - Level 1.2 Spellcasting
 - Level 2.1 Translocations


You had 15 spell levels left.
You didn't know any spells.
Your spell library contained the following spells:

 Spells                   Type           Power      Damage    Failure   Level
 Blink                    Tloc           10%        N/A       36%         2
 Lesser Beckoning         Tloc           10%        N/A       36%         2
 Sting                    Tmut/Pois      0%         1d3       54%         1
 Gell's Gravitas          Tloc           5%         N/A       61%         3
 Teleport Other           Tloc           5%         N/A       61%         3
 Ensorcelled Hibernation  Hex/Ice        0%         N/A       69%         2
 Passwall                 Tmut/Erth      0%         N/A       69%         2
 Poisonous Vapours        Pois/Air       0%         N/A       69%         2
 Vhi's Electric Charge    Tloc/Air       6%         N/A       77%         3
 Volatile Blastmotes      Fire/Tloc      6%         2d10      77%         3
 Ignite Poison            Fire/Tmut/Pois 0%         N/A       89%         3
 Swiftness                Air            0%         N/A       89%         3
 Manifold Assault         Tloc           5%         N/A       95%         4
 Iskenderun's Mystic Bla  Conj/Tloc      3%         2d3       99%         4
 Fulminant Prism          Conj/Hex       0%         3d5       100%        4
 Olgreb's Toxic Radiance  Pois           0%         N/A       100%        4
 Sticky Flame             Conj/Fire      0%         2d3       100%        4
 Arcjolt                  Conj/Air       0%         1d10      100%        5
 Lee's Rapid Deconstruct  Erth           0%         3d4*      100%        5
 Conjure Ball Lightning   Conj/Air       0%         3x3d6     100%        6
 Dispersal                Tloc           2%         N/A       100%        6
 Plasma Beam              Fire/Air       0%         2x1d11    100%        6
 Discord                  Hex            0%         N/A       100%        8
 Disjunction              Tloc           2%         N/A       100%        8
 Ignition                 Fire           0%         3d3       100%        8

Inventory:

Hand Weapons
 f - a +0 scimitar of flaming {long}
   (You took it off Erica on level 8 of the Dungeon)
Missiles
 c - 7 boomerangs of dispersal (quivered) {=f!fthrowing}
 d - 193 stones {throwing}
 k - 6 silver javelins {throwing}
 n - 45 poisoned darts {throwing}
 o - a curare-tipped dart {=fthrowing}
 u - a throwing net {=f!fthrowing}
 z - 3 silver boomerangs {throwing}
 P - 8 large rocks {=fthrowing}
 R - 4 javelins {throwing}
 T - 17 boomerangs {throwing}
Armour
 a - a +0 troll leather armour (worn)
   (You found it on level 1 of the Orcish Mines)
 b - a +1 hat (worn)
   (You bought it in a shop on level 2 of the Orcish Mines)
 i - a +0 kite shield of protection (worn)
   (You found it in a bailey)
 v - a +1 cloak (worn)
   (You found it on level 2 of the Dungeon)
 H - a +0 tower shield of poison resistance
   (You acquired it in a bailey)
Jewellery
 h - a +6 ring of strength (left claw)
   (You found it on level 8 of the Dungeon)
 l - a ring of flight (right claw)
   (You found it on level 1 of the Dungeon)
 r - an amulet of guardian spirit (around neck)
   (You took it off a goblin on level 2 of the Dungeon)
 y - a ring of positive energy
   (You found it on level 1 of the Lair of Beasts)
 M - a ring of positive energy
   (You found it on level 4 of the Dungeon)
 V - an amulet of magic regeneration {@e2}
   (You found it on level 6 of the Dungeon)
 Y - a ring of wizardry
   (You found it on level 7 of the Dungeon)
Wands
 A - a wand of charming (23)
   (You found it on level 3 of the Dungeon)
 C - a wand of flame (28)
   (You found it on level 3 of the Dungeon)
 F - a wand of mindburst (30)
   (You found it on level 3 of the Dungeon)
 L - a wand of roots (30)
   (You took it off Eustachio on level 4 of the Dungeon)
 O - a wand of polymorph (26)
   (You found it on level 8 of the Dungeon)
 Q - a wand of quicksilver (12)
   (You took it off Blork the orc on level 5 of the Dungeon)
Scrolls
 g - 2 scrolls of teleportation {@r4}
 j - 3 scrolls of identify {@r1}
 m - 2 scrolls of enchant armour
 p - 4 scrolls of poison {!r}
 s - 3 scrolls of immolation {!r!r}
 x - 3 scrolls of fear
 D - a scroll of magic mapping {!r}
 J - 2 scrolls of fog
 U - 2 scrolls of enchant weapon
 W - 3 scrolls of vulnerability {!r!r}
 Z - a scroll of torment {!r}
Potions
 e - 3 potions of lignification {!q}
 q - 2 potions of magic
 t - 8 potions of brilliance
 w - 3 potions of mutation {!q}
 B - 3 potions of heal wounds {@q2}
 E - 5 potions of curing {@q1}
 K - a potion of cancellation
 N - 3 potions of attraction {!q}
 S - 3 potions of flight
 X - 14 potions of ambrosia
Miscellaneous
 G - a box of beasts
   (You found it on level 5 of the Lair of Beasts)
 I - a phantom mirror
   (You found it on level 5 of the Lair of Beasts)

Dungeon Overview and Level Annotations

Branches:
Dungeon (13/15) Zot: 26571  Temple (0/1) D:7            Lair (5/5) D:11 Zot: 24363
  Swamp (0/4) Lair:2        Snake (0/4) Lair:2        Slime (0/5) Lair:4
    Orc (2/2) D:10 Zot: 10751     Elf (0/3) Orc:2        Bailey (visited)
 Vaults: D:13-14

Altars:
Dithmenos
Elyvilon
Fedhas
Hepliaklqana
Kikubaaqudgha
Makhleb
Nemelex Xobeh
Okawaru
Qazlal
Sif Muna
Trog
Uskayaw
Vehumet
Wu Jian
The Shining One
Jiyva
Lugonu

Shops:
D:6 *   D:8 *   Orc:1 *   Orc:2 (:*[

Annotations:
D:7 4 transporters, LobsterGuardian's ghost, novice GnTm
D:12 exclusion: downstairs

#. .. ...c..
#######.#...#. .#...#
#.....#.e#...#...#...
.........?#..)#..:#c.
.........#...#...#...
......$.#☼☼§#§c§#c.
.........§☼☼§c§☼..
.........§☼@DB§###.#
.........§§cJ§☼§§..#
...[........§☼§##
#.....#.<°§☼§##
#####..J######
.J...### ##... ....


You could see a boulder beetle, a nine-headed hydra, 4 slime creatures, a
centaur warrior and a centaur.


Message History

You kill the centaur warrior!
The Council accepts your kill.
The centaur warrior wields a +0 shortbow.
The centaur warrior shoots an arrow.
The arrow hits you!!
The centaur shoots an arrow.
The arrow hits you but does no damage.
The centaur warrior wields a +0 longbow.
The centaur warrior shoots an arrow.
The arrow hits you! You block the boulder beetle's attack.
The centaur shoots an arrow.
You block the arrow.
Unknown command.
A centaur comes into view.
The barbed spikes dig painfully into your body as you move.
* * * LOW HITPOINT WARNING * * *
You spin and attack the five-headed hydra repeatedly.
You tear one of the five-headed hydra's heads off!
The four-headed hydra grows two more!
You mangle the six-headed hydra!!
You tear one of the six-headed hydra's heads off!
The five-headed hydra grows two more!
You mangle the seven-headed hydra!!
You spin and attack the centaur warrior repeatedly.
You eviscerate the centaur warrior!!! You claw the centaur warrior!
You kill the centaur warrior!
The Council accepts your kill.
You hear a shout!
The seven-headed hydra misses you.
The seven-headed hydra completely misses you.
The seven-headed hydra bites you.
* * * LOW HITPOINT WARNING * * *
The seven-headed hydra bites you but does no damage.
The seven-headed hydra misses you.
The seven-headed hydra bites you but does no damage.
You block the seven-headed hydra's attack.
The centaur unwields a +0 shortbow.
You block the centaur's attack.
The centaur kicks you but does no damage.
The cyclops completely misses you.
The centaur warrior shoots an arrow.
The arrow hits you!
* * * LOW HITPOINT WARNING * * *
The slime creature quivers.
You see here a +0 longbow {bow}.
Unknown command.
Unknown command.
A deep elf pyromancer and 4 slime creatures come into view.
The barbed spikes dig painfully into your body as you move.
* * * LOW HITPOINT WARNING * * *
You spin and attack the two-headed ogre.
You barely miss the two-headed ogre.
You spin and attack the cyclops repeatedly.
You eviscerate the cyclops!!!
You kill the cyclops!
The Council accepts your kill.
You spin and attack the seven-headed hydra repeatedly.
You claw one of the seven-headed hydra's heads off!
The six-headed hydra grows two more!
You claw the eight-headed hydra!
You tear one of the eight-headed hydra's heads off!
The seven-headed hydra grows two more!
You mangle the nine-headed hydra!!
You spin and attack the centaur repeatedly.
You claw the centaur! x2
You kill the centaur!
The Council accepts your kill.
You hear an angry growl.
The centaur wields a +0 shortbow.
The centaur shoots an arrow.
The arrow hits you.
* * * LOW HITPOINT WARNING * * *
The nine-headed hydra bites you!
* * * LOW HITPOINT WARNING * * *
The nine-headed hydra closely misses you. x2
You block the nine-headed hydra's attack.
The nine-headed hydra misses you.
You block the nine-headed hydra's attack.
The nine-headed hydra barely misses you.
The nine-headed hydra bites you.
* * * LOW HITPOINT WARNING * * *
The nine-headed hydra barely misses you.
The two-headed ogre hits you with a +0 giant club!!
* * * LOW HITPOINT WARNING * * *
The two-headed ogre closely misses you.
The centaur warrior unwields a +0 longbow.
The centaur warrior hits you.
* * * LOW HITPOINT WARNING * * *
The centaur warrior barely misses you.
The centaur wields a +0 shortbow.
The centaur shoots an arrow.
The arrow hits you!
* * * LOW HITPOINT WARNING * * *
The deep elf pyromancer moves out of view.
The slime creature moves out of view. x3
Unknown command.
Unknown command.
Okay, then.
Okay, then.
The barbed spikes dig painfully into your body as you move.
* * * LOW HITPOINT WARNING * * *
You spin and attack the two-headed ogre repeatedly.
You eviscerate the two-headed ogre!!! You claw the two-headed ogre!
You kill the two-headed ogre!
The Council accepts your kill.
You spin and attack the centaur warrior repeatedly.
You claw the centaur warrior! You scratch the centaur warrior.
You spin and attack the slime creature.
You mangle the slime creature!! The centaur warrior closely misses you.
The centaur warrior kicks you but does no damage.
The slime creature hits you!
You die...

Skill      XL: |  1  2  3  4  5  6  7  8  9 10 11 12 13 14 |
---------------+-------------------------------------------+-----
Unarmed Combat | 3 4 5 7 9 11 12 13 14 17 20 22 | 22.2
Fighting       | 4 6 8 9 10 | 10.0
Shields        | 1 5 6 |  6.4
Throwing       | |  0.8
Dodging        | |  1.9
Spellcasting   | |  1.2
Translocations | |  2.1

Action                     |  1- 3 |  4- 6 |  7- 9 | 10-12 | 13-15 || total
---------------------------+-------+-------+-------+-------+-------++-------
  Melee: Unarmed           |    86 |   157 |   301 |   693 |   706 ||  1943
         Punch             |     1 |     4 |    12 |     6 |       ||    23
         Scimitar          |       |       |       |     9 |    12 ||    21
 Invoke: Serpent's Lash    |       |       |       |     1 |     4 ||     5
         Heavenly Storm    |       |       |       |       |     2 ||     2
Ability: Lunge             |       |       |    15 |    63 |    45 ||   123
         Whirlwind         |       |       |    24 |   140 |   225 ||   389
         Wall Jump         |       |       |       |     1 |     4 ||     5
    Use: Scroll            |       |       |    16 |    14 |     5 ||    35
         Potion            |       |       |     1 |     4 |     4 ||     9
   Stab: Sleeping          |       |     2 |       |       |       ||     2
         Invisible         |       |       |       |     3 |       ||     3
         Petrified         |       |       |       |       |     7 ||     7
         Petrifying        |       |       |       |       |     1 ||     1
 Armour: Robe              |    27 |    47 |    57 |       |       ||   131
         Steam dragon scal |       |       |     8 |   172 |   109 ||   289
         Troll leather arm |       |       |       |       |    37 ||    37
  Dodge: Dodged            |    43 |    64 |   121 |   155 |   188 ||   571
  Block: Kite shield       |       |       |       |   146 |   185 ||   331

Levels and vault maps discovered:
D:1:      minmay_arrival_up_and_down, layout_loops_ring
D:2:      layout_rooms, uniq_robin, uniq_natasha
D:3:      cheibrodos_greedy_goblins, layout_rooms, roderic_lattice_a
D:4:      layout_gridville, uniq_sigmund, uniq_eustachio
D:5:      layout_basic, mainiacjoe_overflow_alcove_4, nicolae_overflows_in_rows,
          uniq_blork_the_orc, uniq_duvessa
D:6:      layout_loops_ring, grunt_decor_mini_mirrors, minmay_shop_mass
D:7:      gammafunk_corrupted_shrine, layout_gridville, elyvilon_altar_3,
          minmay_temple_entry_hall, gammafunk_ghost_smash, dk_vineyard_3,
          chequers_mini_garden, serial_bayou_lagoon_a, minmay_misc_feat_encased,
          minivault_11, uniq_maggie
D:8:      layout_basic, serial_shops, shop, minmay_between, uniq_erica
D:9:      layout_roguey, enter_bailey_1
D:10:     layout_irregular_city, orc_0_dummy
D:11:     layout_long_grid, erik_lair_island
D:12:     layout_roguey [special_room_bee], vehumet_altar_wand_db, uniq_frances
D:13:     cheibrodos_fzero, layout_rooms, ximxim_vaults_locker_room
Lair:1:   layout_gridlike, st_stairs_6, minivault_27, infiniplex_staircase_pool,
          serial_bayou_shore_a, grunt_megastairs_4, serial_bayou_shore_b
Lair:2:   layout_cave_shapes, nicolae_swamp_entry_splash_gauntlet,
          nicolae_snake_entry_warm_welcome
Lair:3:   layout_roguey, portal_ice_cave_entry_pillars_1,
          nicolae_quartered_pool_medium, uniq_kirke, uniq_rupert
Lair:4:   layout_cave_pods, minmay_slime_entry_pillars,
          chequers_serial_rivers_room_a
Lair:5:   evilmike_catoblepas_cave, layout_hall_layers
Orc:1:    layout_caves, serial_shops, nicolae_shop_hallway_stairs
Orc:2:    grunt_orc_gardens, layout_caves, grunt_orc_garden, grunt_orc_garden,
          grunt_orc_garden, grunt_orc_garden, basic_altar, uniq_donald

Notes
Turn   | Place    | Note
-------+----------+-------------------------------------------
     0 | D:1      | Sobieck the Troll Warper began the quest for the Orb.
     0 | D:1      | Reached XP level 1. HP: 19/19 MP: 1/1
   117 | D:1      | Reached XP level 2. HP: 27/27 MP: 2/2
   343 | D:1      | Reached skill level 3 in Unarmed Combat
   761 | D:2      | Noticed Robin
   794 | D:1      | HP: 5/27 [goblin/+0 club[Robin] (6)]
   839 | D:1      | Reached XP level 3. HP: 33/33 MP: 3/3
   845 | D:1      | Killed Robin
   923 | D:2      | Noticed Natasha
   932 | D:2      | Reached skill level 4 in Unarmed Combat
   981 | D:2      | Killed Natasha
   982 | D:2      | Reached XP level 4. HP: 29/41 MP: 4/4
  1431 | D:2      | Noticed Natasha
  1435 | D:2      | Killed Natasha
  1436 | D:2      | Reached skill level 5 in Unarmed Combat
  1611 | D:3      | Reached XP level 5. HP: 44/48 MP: 5/5
  1843 | D:2      | Noticed Natasha
  1853 | D:2      | Killed Natasha
  1960 | D:3      | Reached skill level 6 in Unarmed Combat
  2162 | D:4      | Noticed Sigmund
  2172 | D:4      | Killed Sigmund
  2173 | D:4      | Reached skill level 7 in Unarmed Combat
  2173 | D:4      | Reached XP level 6. HP: 49/55 MP: 6/6
  2312 | D:4      | You pick up a book of Displacement and begin reading...
  2342 | D:4      | Identified the +8 trident "Beastslayer" {freeze, *Slow rC+
                  | rN+++ rCorr}
  2496 | D:4      | Noticed Eustachio
  2510 | D:4      | Killed Eustachio
  2511 | D:4      | Reached XP level 7. HP: 18/62 MP: 7/7
  2900 | D:4      | You pick up a book of Lightning and begin reading...
  2900 | D:4      | You add the spells Arcjolt and Plasma Beam to your library.
  3053 | D:5      | Entered Level 5 of the Dungeon
  3100 | D:5      | Noticed Blork the orc
  3109 | D:5      | Killed Blork the orc
  3110 | D:5      | Reached skill level 8 in Unarmed Combat
  3230 | D:5      | Noticed Duvessa
  3240 | D:5      | Noticed Dowan
  3252 | D:5      | Killed Duvessa
  3262 | D:5      | Killed Dowan
  3371 | D:5      | Reached skill level 9 in Unarmed Combat
  3588 | D:5      | Reached XP level 8. HP: 48/70 MP: 3/8
  3724 | D:5      | Found a shadowy altar of Dithmenos.
  3877 | D:5      | Found a burning altar of Makhleb.
  3880 | D:5      | Found a bloodstained altar of Trog.
  3880 | D:5      | Found a shimmering blue altar of Sif Muna.
  3880 | D:5      | Found a stormy altar of Qazlal.
  3881 | D:5      | Found an ancient bone altar of Kikubaaqudgha.
  3881 | D:5      | Found an ornate altar of the Wu Jian Council.
  3882 | D:5      | Found a hazy altar of Hepliaklqana.
  3882 | D:5      | Found a sparkling altar of Nemelex Xobeh.
  3882 | D:5      | Found an iron altar of Okawaru.
  3884 | D:5      | Found a glowing golden altar of the Shining One.
  3884 | D:5      | Found a hide-covered altar of Uskayaw.
  3884 | D:5      | Found a blossoming altar of Fedhas.
  3890 | D:5      | Became a worshipper of the Wu Jian Council
  4103 | D:6      | Reached skill level 10 in Unarmed Combat
  4131 | D:6      | Reached skill level 2 in Fighting
  4333 | D:6      | Found Utwyeg's Mass Market.
  4380 | D:6      | Reached skill level 3 in Fighting
  5023 | D:7      | Reached skill level 4 in Fighting
  5143 | D:7      | Reached skill level 11 in Unarmed Combat
  5143 | D:7      | Reached XP level 9. HP: 84/84 MP: 9/9
  5159 | D:7      | Found a white marble altar of Elyvilon.
  5188 | D:7      | Noticed a brown ugly thing
  5189 | D:7      | Noticed a brown ugly thing
  5190 | D:7      | Found a transporter.
  5190 | D:7      | Found a corrupted altar of Lugonu.
  5222 | D:7      | Found a staircase to the Ecumenical Temple.
  5234 | D:7      | Found a transporter.
  5236 | D:7      | Identified the +4 great mace of a volcano {spect, rF+ Int+3
                  | Stlth+}
  5236 | D:7      | Noticed a two-headed ogre
  5236 | D:7      | Noticed LobsterGuardian's ghost (novice GnTm)
  5283 | D:7      | Found a transporter.
  5607 | D:7      | Reached * piety under Wu Jian
  5608 | D:7      | Reached skill level 5 in Fighting
  5654 | D:7      | Noticed Maggie
  5670 | D:7      | Killed Maggie
  5710 | D:7      | Found a transporter.
  5893 | D:8      | Noticed Erica
  5913 | D:8      | Killed Erica
  5914 | D:8      | Reached skill level 6 in Fighting
  5914 | D:8      | Reached skill level 12 in Unarmed Combat
  6041 | D:7      | Reached XP level 10. HP: 65/100 MP: 4/10
  6309 | D:8      | Reached skill level 7 in Fighting
  6323 | D:8      | Reached ** piety under Wu Jian
  6578 | D:8      | Reached skill level 13 in Unarmed Combat
  6729 | D:8      | Found Desyfed's Assorted Antiques.
  6740 | D:8      | Bought a scroll of identify for 64 gold pieces
  7058 | D:9      | Found a flagged portal.
  7062 | Bailey   | Entered a bailey
  7362 | Bailey   | Noticed an orc knight
  7394 | Bailey   | Killed an orc knight
  7395 | Bailey   | Reached skill level 8 in Fighting
  7502 | Bailey   | Found an iron altar of Okawaru.
  7502 | Bailey   | Noticed an orc sorcerer
  7525 | Bailey   | Noticed a rust devil
  7525 | Bailey   | Killed an orc sorcerer
  7526 | Bailey   | HP: 22/106 [orc warrior/+0 war axe (8)]
  7704 | Bailey   | Identified the +5 war axe of the Fresh God {spect, Str+7}
  7839 | Bailey   | Noticed an orc knight
  7853 | Bailey   | Killed an orc knight
  7854 | Bailey   | Reached skill level 1 in Shields
  7854 | Bailey   | Reached XP level 11. HP: 64/113 MP: 6/11
  7916 | Bailey   | Acquired a +0 tower shield of poison resistance
  8435 | D:10     | Entered Level 10 of the Dungeon
  8464 | D:10     | Found a staircase to the Orcish Mines.
  8497 | D:10     | Reached skill level 14 in Unarmed Combat
  8502 | D:10     | Reached *** piety under Wu Jian
  8763 | D:10     | You add the spells Sting, Poisonous Vapours and Olgreb's
                  | Toxic Radiance to your library.
  9076 | D:11     | You are sucked into a shaft and drop 1 floor!
  9134 | D:11     | Found a staircase to the Lair.
  9153 | D:11     | Reached skill level 2 in Shields
  9236 | D:11     | Noticed a white ugly thing
  9252 | D:10     | Killed a white ugly thing
  9388 | D:11     | Reached skill level 9 in Fighting
  9416 | D:11     | Identified the +6 hand axe "Enah Yde" {drain, rPois Will-
                  | rCorr Str+3}
  9449 | D:11     | Reached skill level 3 in Shields
  9799 | D:11     | Reached skill level 4 in Shields
  9968 | D:11     | You add the spells Ignite Poison, Sticky Flame and Ignition
                  | to your library.
 10090 | D:12     | Found a radiant altar of Vehumet.
 10216 | D:12     | Reached **** piety under Wu Jian
 10285 | D:12     | You pick up a book of Chaos and begin reading...
 10285 | D:12     | You add the spells Conjure Ball Lightning, Disjunction and
                  | Discord to your library.
 10311 | D:12     | Noticed a two-headed ogre
 10320 | D:12     | Killed a two-headed ogre
 10321 | D:12     | Reached skill level 5 in Shields
 10469 | D:12     | Noticed Frances
 10509 | D:12     | HP: 29/117 [Frances/+0 flail (17)]
 10513 | D:12     | Killed Frances
 10514 | D:12     | Reached XP level 12. HP: 34/126 MP: 1/12
 10514 | D:12     | HP: 25/126 [orc priest/nerve-wracking pain (10)]
 10793 | D:12     | Reached skill level 10 in Fighting
 10793 | D:12     | Reached skill level 15 in Unarmed Combat
 10920 | Lair:1   | Entered Level 1 of the Lair of Beasts
 10972 | Lair:1   | Noticed a boulder beetle
 10986 | Lair:1   | Killed a boulder beetle
 10987 | Lair:1   | Reached skill level 6 in Shields
 11568 | Lair:1   | You pick up a book of Blasting and begin reading...
 11568 | Lair:1   | You add the spells Volatile Blastmotes, Fulminant Prism,
                  | Iskenderun's Mystic Blast and Lee's Rapid Deconstruction to
                  | your library.
 11844 | Lair:2   | Noticed a seven-headed hydra
 12084 | Lair:2   | Killed a one-headed hydra
 12085 | Lair:2   | Reached skill level 16 in Unarmed Combat
 12274 | Lair:2   | Found a staircase to the Snake Pit.
 12742 | Lair:2   | Found a staircase to the Swamp.
 13008 | Lair:3   | Reached skill level 17 in Unarmed Combat
 13022 | Lair:3   | Found a frozen archway.
 13030 | Lair:3   | Noticed Kirke
 13184 | Lair:3   | Reached XP level 13. HP: 116/133 MP: 11/13
 13248 | Lair:3   | Reached ***** piety under Wu Jian
 13295 | Lair:3   | Noticed Rupert
 13309 | Lair:3   | Paralysed by Rupert for 4 turns
 13317 | Lair:3   | Killed Rupert
 13389 | Lair:3   | Killed Kirke
 13390 | Lair:3   | Reached skill level 18 in Unarmed Combat
 13942 | Lair:4   | You pick up a book of Burglary and begin reading...
 13942 | Lair:4   | You add the spells Passwall, Ensorcelled Hibernation and
                  | Swiftness to your library.
 14076 | Lair:4   | Found a viscous altar of Jiyva.
 14076 | Lair:4   | Found a staircase to the Slime Pits.
 14210 | Lair:4   | Reached skill level 19 in Unarmed Combat
 15160 | Lair:5   | Entered Level 5 of the Lair of Beasts
 15826 | Lair:5   | Reached skill level 20 in Unarmed Combat
 15957 | Lair:5   | Reached XP level 14. HP: 126/143 MP: 10/14
 17006 | Orc:1    | Entered Level 1 of the Orcish Mines
 17032 | Orc:1    | Reached ****** piety under Wu Jian
 17033 | Orc:1    | Gained mutation: You are dopey. (Int -2) [a neqoxec]
 17056 | Orc:1    | Reached skill level 21 in Unarmed Combat
 17166 | Orc:1    | Found Xihiull's General Store.
 17435 | Orc:2    | Entered Level 2 of the Orcish Mines
 17441 | Orc:2    | Noticed Donald
 17461 | Orc:1    | Killed Donald
 17476 | Orc:2    | Found Idduin's Antique Armour Shop.
 17529 | Orc:2    | Noticed an orc warlord
 17552 | Orc:2    | Killed an orc warlord
 17620 | Orc:2    | Bought an embroidered hat for 161 gold pieces
 17658 | Orc:2    | Paralysed by an orc sorcerer for 5 turns
 17722 | Orc:2    | Found Dixtifar's General Store.
 17828 | Orc:2    | Found Itteadd's Antique Weapon Boutique.
 17843 | Orc:2    | Found Vaami's Book Shop.
 17910 | Orc:2    | Found a staircase to the Elven Halls.
 18540 | D:12     | Reached skill level 22 in Unarmed Combat
 18627 | D:13     | HP: 21/143 [two-headed ogre/+0 giant club (16)]
 18628 | D:13     | HP: 10/143 [barbs]
 18628 | D:13     | Slain by a slime creature

Vanquished Creatures
  Rupert (Lair:3)
  Frances (D:12)
  Kirke (Lair:3)
  Donald (Orc:1)
  An orc warlord (Orc:2)
  2 hydras
  Erica (D:8)
  2 centaur warriors (D:13)
  4 catoblepae (Lair:5)
  2 two-headed ogres
  A tengu warrior (D:12)
  11 death yaks
  A boulder beetle (Lair:1)
  3 orc high priests
  A skyshark (Lair:3)
  A bog body (Lair:2)
  8 orc knights
  4 orc sorcerers
  3 cyclopes
  An ugly thing (D:10)
  A salamander (Lair:2)
  3 elephants (Lair:3)
  4 manticores
  2 black mambas
  A torpor snail (Lair:4)
  2 gargoyles (D:12)
  5 kobold demonologists
  Maggie (D:7)
  An unseen horror (D:11)
  2 rime drakes
  11 cane toads
  7 komodo dragons
  2 polar bears (Lair:5)
  A queen bee (D:12)
  3 meliai (D:12)
  5 trolls
  9 dream sheep
  A meliai (shapeshifter) (D:13)
  4 blink frogs (Lair:1)
  4 slime creatures
  A vampire (D:11)
  Eustachio (D:4)
  Sigmund (D:4)
  A wyvern (D:10)
  51 yaks
  2 basilisks
  A steam dragon (D:9)
  3 hogs (Lair:3)
  7 vampire mosquitoes
  2 acid dragons (D:11)
  2 swamp worms (Lair:2)
  Duvessa (D:5)
  14 water moccasins
  44 orc warriors
  2 ice beasts
  3 sky beasts
  9 ogres
  3 black bears
  2 wolves (D:11)
  2 phantoms (D:5)
  6 centaurs
  7 bullfrogs
  2 kobold brigands
  Blork the orc (D:5)
  A gnoll sergeant (D:6)
  A scorpion (D:7)
  Dowan (D:5)
  A wight (D:8)
  20 killer bees (D:12)
  12 electric eels
  6 howler monkeys (D:8)
  3 lava snakes (Lair:2)
  2 gnoll boudas
  2 jellies
  9 orc priests
  5 hounds
  17 orc wizards
  3 iguanas (D:5)
  Natasha (thrice) (D:2)
  Robin (D:1)
  17 gnolls
  6 adders
  A shadow imp (D:6)
  An ufetubus (D:5)
  A worm (D:2)
  2 dart slugs (D:1)
  56 orcs
  2 bats
  5 endoplasms
  3 giant cockroaches
  24 goblins
  14 hobgoblins
  6 jackals
  27 kobolds
  8 quokkas
  3 ball pythons
  4 frilled lizards (D:1)
  2 rats (D:1)
556 creatures vanquished.

Vanquished Creatures (others)
  27 fungi
  23 plants
50 creatures vanquished.

Grand Total: 606 creatures vanquished

Table legend:
 A = Non-vault XP
 B = Vault XP
 C = Vault XP percentage of total XP
 D = Non-vault monster count
 E = Vault monster count
 F = Vault count percentage of total count
                 A         B        C        D         E       F
            +---------+---------+-------+---------+---------+-------
      Total |   51934 |   44104 |  45.9 |     371 |     185 |  33.3
            +---------+---------+-------+---------+---------+-------
        D:1 |      30 |      33 |  52.4 |      17 |      10 |  37.0
        D:2 |     119 |      39 |  24.7 |      15 |       3 |  16.7
        D:3 |     102 |      27 |  20.9 |      12 |      14 |  53.8
        D:4 |      36 |     428 |  92.2 |      17 |       2 |  10.5
        D:5 |     651 |     312 |  32.4 |      26 |       3 |  10.3
        D:6 |     860 |       0 |   0.0 |      21 |       0 |   0.0
        D:7 |    1657 |     398 |  19.4 |      19 |       1 |   5.0
        D:8 |    1258 |    1557 |  55.3 |      25 |       7 |  21.9
        D:9 |     457 |       0 |   0.0 |       9 |       0 |   0.0
       D:10 |    1118 |       0 |   0.0 |       9 |       0 |   0.0
       D:11 |    4375 |     397 |   8.3 |      26 |       6 |  18.8
       D:12 |    4697 |    5274 |  52.9 |      31 |      29 |  48.3
       D:13 |    1390 |    2988 |  68.3 |       4 |       5 |  55.6
     Lair:1 |    2221 |    1912 |  46.3 |      11 |       6 |  35.3
     Lair:2 |    3612 |    1687 |  31.8 |      11 |       8 |  42.1
     Lair:3 |    9706 |    3765 |  27.9 |      31 |       5 |  13.9
     Lair:4 |    6986 |     744 |   9.6 |      13 |       4 |  23.5
     Lair:5 |    7548 |    9654 |  56.1 |      28 |      23 |  45.1
      Orc:1 |    4004 |    1794 |  30.9 |      28 |       4 |  12.5
      Orc:2 |    1107 |    8957 |  89.0 |      18 |      24 |  57.1
     Bailey |       0 |    4138 | 100.0 |       0 |      31 | 100.0
            +---------+---------+-------+---------+---------+-------

Skill      XL: |  1  2  3  4  5  6  7  8  9 10 11 12 13 14 |
---------------+-------------------------------------------+-----
Unarmed Combat | 3 4 5 7 9 11 12 13 14 17 20 22 | 22.2
Fighting       | 4 6 8 9 10 | 10.0
Shields        | 1 5 6 |  6.4
Throwing       | |  0.8
Dodging        | |  1.9
Spellcasting   | |  1.2
Translocations | |  2.1

Action                     |  1- 3 |  4- 6 |  7- 9 | 10-12 | 13-15 || total
---------------------------+-------+-------+-------+-------+-------++-------
  Melee: Unarmed           |    86 |   157 |   301 |   693 |   706 ||  1943
         Punch             |     1 |     4 |    12 |     6 |       ||    23
         Scimitar          |       |       |       |     9 |    12 ||    21
 Invoke: Serpent's Lash    |       |       |       |     1 |     4 ||     5
         Heavenly Storm    |       |       |       |       |     2 ||     2
Ability: Lunge             |       |       |    15 |    63 |    45 ||   123
         Whirlwind         |       |       |    24 |   140 |   225 ||   389
         Wall Jump         |       |       |       |     1 |     4 ||     5
    Use: Scroll            |       |       |    16 |    14 |     5 ||    35
         Potion            |       |       |     1 |     4 |     4 ||     9
   Stab: Sleeping          |       |     2 |       |       |       ||     2
         Invisible         |       |       |       |     3 |       ||     3
         Petrified         |       |       |       |       |     7 ||     7
         Petrifying        |       |       |       |       |     1 ||     1
 Armour: Robe              |    27 |    47 |    57 |       |       ||   131
         Steam dragon scal |       |       |     8 |   172 |   109 ||   289
         Troll leather arm |       |       |       |       |    37 ||    37
  Dodge: Dodged            |    43 |    64 |   121 |   155 |   188 ||   571
  Block: Kite shield       |       |       |       |   146 |   185 ||   331

Illustrated notes

Table legend:
 A = Kills in this place as a percentage of kills in the entire game.
 B = Kills by you in this place as a percentage of kills by you in the entire game.
 C = Kills by friends in this place as a percentage of kills by friends in the entire game.
 D = Other kills in this place as a percentage of other kills in the entire game.
 E = Experience gained in this place as a percentage of experience gained in the entire game.
 F = Experience gained in this place divided by the number of levels of this place that you have seen.
                   A       B       C       D       E      F
               +-------+-------+-------+-------+-------+----------------------
         Total | 100.0 | 100.0 |   N/A |   N/A | 100.0 | 4573.2
       Dungeon |  55.9 |  55.9 |   N/A |   N/A |  29.4 | 2169.5
          Lair |  25.2 |  25.2 |   N/A |   N/A |  49.8 | 9567.0
  Orcish Mines |  13.3 |  13.3 |   N/A |   N/A |  16.5 | 7931.0
        Bailey |   5.6 |   5.6 |   N/A |   N/A |   4.3 | 4138.0
               +-------+-------+-------+-------+-------+----------------------

Table legend: (Time is in decaauts)
 A = Elapsed time spent in this place.
 B = Non-inter-level travel time spent in this place.
 C = Inter-level travel time spent in this place.
 D = Time resting spent in this place.
 E = Time spent auto-exploring this place.
 F = Levels seen in this place.
 G = Mean time per level.
                   A        B        C        D        E       F      G
               +--------+--------+--------+--------+--------+-----+--------+
         Total |  18435 |  17527 |    908 |   2213 |  11207 |  21 |  877.9 |
       Dungeon |  10691 |  10067 |    624 |   1064 |   6983 |  13 |  822.4 |
          Lair |   5637 |   5450 |    187 |    893 |   3351 |   5 | 1127.4 |
  Orcish Mines |   1248 |   1151 |     97 |     56 |    697 |   2 |  624.0 |
        Bailey |    858 |    858 |      0 |    199 |    176 |   1 |  858.0 |
               +--------+--------+--------+--------+--------+-----+--------+

Top non-repeatable levels by time:
  Lair:5: 1385 daAuts
    D:12: 1359 daAuts
  Lair:4: 1189 daAuts
     D:5: 1152 daAuts
  Lair:3: 1098 daAuts
     D:8: 1073 daAuts
  Lair:1: 1025 daAuts
    D:11: 1018 daAuts
  Lair:2: 938 daAuts
     D:7: 922 daAuts
     D:4: 886 daAuts
     D:1: 865 daAuts
  Bailey: 858 daAuts
    D:10: 773 daAuts
     D:6: 730 daAuts
